 Dungeon Crawl Stone Soup version 0.29.1-15-g9cfb28693d (webtiles) character file.

Game seed: 8393756938050841497

6 growler the Insei (level 1, -1/15 HPs)
             Began as a Merfolk Transmuter on Mar 8, 2023.
             Slain by a kobold
             ... wielding a +0 dagger
              (3 damage)
             ... on level 1 of the Dungeon.
             The game lasted 00:01:36 (288 turns).

growler the Insei (Merfolk Transmuter)               Turns: 288, Time: 00:01:37

Health: -1/15      AC:  2    Str: 10    XL:     1   Next: 90%
Magic:  3/3        EV:  9    Int: 12    God:
Gold:   13         SH:  0    Dex: 14    Spells: 3/4 levels left

rFire   . . .      SeeInvis .     - Unarmed
rCold   . . .      Faith    .   (no shield)
rNeg    . . .      Spirit   .   a - +0 robe
rPois   .          Reflect  .   (no helmet)
rElec   .          Harm     .   (no cloak)
rCorr   .          Rampage  .   (no gloves)
Will    .....                   (no boots)
Stlth   +.........              (no amulet)
HPRegen 0.05/turn               (no ring)
MPRegen 0.08/turn               (no ring)

@: constricted
A: (nimble swimmer 2), mertail
a: no special abilities


You were on level 1 of the Dungeon.
You visited 1 branch of the dungeon, and saw 1 of its levels.

You collected 13 gold pieces.

Inventory:

Armour
 a - a +0 robe (worn)
Scrolls
 c - a scroll of enchant armour {unknown}
Potions
 b - 2 potions of lignification


   Skills:
 - Level 1.1 Fighting
 - Level 2.6 Dodging
 + Level 3.4 Unarmed Combat
 + Level 2.1 Spellcasting
 + Level 3.0 Transmutations


You had 3 spell levels left.
You knew the following spells:

 Your Spells              Type           Power      Damage    Failure   Level
a - Beastly Appendage     Tmut           16%        N/A       8%          1

Your spell library contained the following spells:

 Spells                   Type           Power      Damage    Failure   Level
 Wereblood                Tmut           8%         N/A       12%         2
 Spider Form              Tmut/Pois      4%         N/A       41%         3
 Ice Form                 Ice/Tmut       4%         N/A       82%         4


Dungeon Overview and Level Annotations

Branches:
Dungeon (1/15)

Altars:


Innate Abilities, Weirdness & Mutations

((You are very nimble when in or above water. (Stealth+, EV+, Speed+++)))
Your lower body shifts to a powerful aquatic tail in water.


Message History

A bat and a ball python come into view.
The ball python hisses angrily.
A kobold comes into view. It is wielding a +0 dagger.
Found a brown potion.
The kobold shouts!
The bat hits you but does no damage. The bat misses you. The bat misses you.
You hit the bat.
The bat is severely wounded.
The bat barely misses you.
You hit the ball python but do no damage.
The bat barely misses you. The ball python bites you.
The ball python grabs you. The ball python constricts you.
The bat closely misses you. The kobold hits you with a +0 dagger.
You hit the ball python but do no damage.
The bat hits you but does no damage. x2; The ball python closely misses you.
The ball python constricts you. The kobold hits you with a +0 dagger.
You are too injured to fight recklessly!
You are too injured to fight recklessly!
You are too injured to fight recklessly!
You are too injured to fight recklessly!
You are too injured to fight recklessly!
Unknown command.
You barely miss the bat.
The bat is severely wounded.
The bat barely misses you. x2
The ball python bites you but does no damage.
The ball python constricts you. The bat hits you but does no damage.
The kobold misses you. The ball python closely misses you.
The ball python constricts you.
You barely miss the bat.
The bat is severely wounded.
The bat hits you but does no damage. The ball python bites you.
* * * LOW HITPOINT WARNING * * *
The ball python constricts you.
* * * LOW HITPOINT WARNING * * *
The bat hits you.
* * * LOW HITPOINT WARNING * * *
The kobold hits you with a +0 dagger.
You die...

#.# #.# #...# #.#
#...##### #.#
#........ #.#
#........ #####.####
#......!. #........#
#........
#.##♣.♣#.###S>......
#.# #..#.#.b@# #.#
♣.♣#♣#.#K#
#.###......#.#
#...♣.♣.♣###..
#.###.......+..
#...........#...
####.#..######...
##.###.### #...
##.## #...#


You could see a bat, a ball python and a kobold.

Vanquished Creatures
  A goblin (D:1)
  3 hobgoblins (D:1)
  A frilled lizard (D:1)
5 creatures vanquished.

Notes
Turn   | Place    | Note
-------+----------+-------------------------------------------
     0 | D:1      | growler the Merfolk Transmuter began the quest for the Orb.
     0 | D:1      | Reached XP level 1. HP: 15/15 MP: 3/3
   288 | D:1      | Slain by a kobold

Illustrated notes

Levels and vault maps discovered:
D:1:      dpeg_arrival_short_road, layout_loops_corners, serial_forest,
          infiniplex_forest_lined_room_, infiniplex_forest_clump_curved,
          infiniplex_forest_join, infiniplex_forest_fountain,
          infiniplex_forest_end_1, infiniplex_forest_lined_corner,
          infiniplex_forest_lined_3_way, infiniplex_forest_clump_diagonal,
          infiniplex_forest_lined_3

Skill      XL: |  1 |
---------------+----+-----
Transmutations | 3 |  3.0
Fighting       | |  1.1
Dodging        | |  2.6
Unarmed Combat | |  3.4
Spellcasting   | |  2.1

Action                   || total
-------------------------++-------
Melee: Unarmed           ||    18
       Headbutt          ||     2
 Cast: Beastly Appendage ||     2
Armor: Robe              ||     7
Dodge: Dodged            ||    14
